 Dungeon Crawl Stone Soup version 0.16-a0-3722-g5e7e3b6 (webtiles) character file.

5163 Ololoev the Carver (level 10, -2/68 HPs)
             Began as a Vampire Fighter on Jan 21, 2015.
             Was an Elder of Okawaru.
             Killed from afar by a deep elf conjurer (30 damage)
             ... with a bolt of lightning
             ... on level 9 of the Dungeon.
             The game lasted 00:37:53 (9834 turns).

Ololoev the Carver (Vampire Fighter)                Turns: 9834, Time: 00:37:56

Health: -2/68      AC: 14    Str: 19    XL:     10   Next: 33%
Magic:  10/10      EV:  3    Int: 11    God:    Okawaru [****..]
Gold:   246        SH:  9    Dex: 14    Spells: 1 memorised, 7 levels left

rFire  . . .     SeeInvis +     b - +2 falchion (slice)
rCold  . . .     Clarity  .     l - +0 plate armour
rNeg   + . .     SustAb   .     c - +0 shield
rPois  +         Gourm    .     z - +0 helmet
rElec  .         Spirit   .     (no cloak)
rCorr  .         Warding  +     y - +1 pair of gloves
rMut   .         Stasis   .     (no boots)
MR     +....                    e - amulet of warding
Stlth  ..........               m - +3 ring of strength
                                w - ring of poison resistance

@: regenerating quickly, somewhat resistant to hostile enchantments, extremely
unstealthy
A: bottle blood, fangs 3, see invisible, unbreathing
a: Heroism, Renounce Religion


You were on level 9 of the Dungeon.
You worshipped Okawaru.
Okawaru was greatly pleased with you.
You were very full.

You visited 2 branches of the dungeon, and saw 10 of its levels.
You also visited: Bailey.

You collected 411 gold pieces.
You spent 165 gold pieces at shops.

Notes
Turn   | Place    | Note
--------------------------------------------------------------
     0 | D:1      | Ololoev, the Vampire Fighter, began the quest for the Orb.
     0 | D:1      | Reached XP level 1. HP: 17/17 MP: 1/1
   237 | D:1      | Reached XP level 2. HP: 18/23 MP: 2/2
   764 | D:2      | Reached skill level 3 in Shields
   919 | D:2      | Reached XP level 3. HP: 24/28 MP: 3/3
  1313 | D:2      | Reached XP level 4. HP: 32/34 MP: 4/4
  1957 | D:3      | Reached XP level 5. HP: 39/39 MP: 5/5
  2031 | D:3      | Reached skill level 4 in Long Blades
  2153 | D:3      | Found an opulent altar of Gozag.
  2340 | D:3      | Found a deep blue altar of Sif Muna.
  2678 | D:4      | HP: 1/39 [poisoned by a worker ant]
  2988 | D:4      | Found a blossoming altar of Fedhas.
  3128 | D:4      | Reached XP level 6. HP: 43/46 MP: 6/6
  3402 | D:4      | Reached skill level 5 in Long Blades
  3721 | D:5      | Entered Level 5 of the Dungeon
  3777 | D:5      | Noticed Grinder
  3786 | D:5      | Paralysed by Grinder for 7 turns
  3806 | D:5      | Paralysed by Grinder for 2 turns
  3810 | D:5      | Killed Grinder
  3810 | D:5      | Reached skill level 6 in Long Blades
  3810 | D:5      | Reached XP level 7. HP: 44/51 MP: 7/7
  4018 | D:5      | Reached skill level 7 in Long Blades
  4087 | D:5      | Found a staircase to the Ecumenical Temple.
  4102 | Temple   | Entered the Ecumenical Temple
  4116 | Temple   | Became a worshipper of Warmaster Okawaru
  4309 | D:5      | Reached skill level 8 in Long Blades
  4495 | D:5      | Reached XP level 8. HP: 54/57 MP: 8/8
  4548 | D:5      | Found a burning altar of Makhleb.
  4675 | D:5      | Acquired Okawaru's first power
  4675 | D:5      | Reached skill level 9 in Long Blades
  4967 | D:6      | Noticed Ijyb
  5085 | D:6      | Noticed Blork the orc
  5125 | D:5      | Killed Ijyb
  5153 | D:6      | Killed Blork the orc
  5332 | D:6      | Found a stormy altar of Qazlal.
  5452 | D:6      | Reached skill level 10 in Long Blades
  5819 | D:6      | Noticed Dowan
  5840 | D:6      | Killed Dowan
  5845 | D:6      | Noticed Duvessa
  5855 | D:6      | Killed Duvessa
  5855 | D:6      | Reached XP level 9. HP: 59/62 MP: 7/9
  5859 | D:6      | Reached skill level 11 in Long Blades
  6381 | D:7      | Found a bloodstained altar of Trog.
  6383 | D:7      | Found a snail-covered altar of Cheibriados.
  6386 | D:7      | Found a shimmering altar of Xom.
  6431 | D:7      | Found a flagged portal.
  6448 | Bailey   | Entered a bailey
  6646 | Bailey   | Noticed an orc knight
  6648 | Bailey   | Noticed an orc knight
  7160 | D:6      | Reached skill level 12 in Long Blades
  7440 | D:7      | Found Larox's Distillery.
  7445 | D:7      | Bought a potion of heal wounds for 75 gold pieces
  7445 | D:7      | Bought a potion of brilliance for 60 gold pieces
  7445 | D:7      | Bought 2 potions of degeneration for 30 gold pieces
  7562 | D:7      | Learned a level 2 spell: Repel Missiles
  7759 | D:7      | Reached skill level 1 in Charms
  7950 | D:7      | Found a glowing golden altar of the Shining One.
  8166 | D:8      | Found a shadowy altar of Dithmenos.
  8424 | D:8      | Noticed Edmund
  8438 | D:8      | Killed Edmund
  8676 | D:8      | Reached XP level 10. HP: 68/68 MP: 10/10
  8931 | D:8      | Reached skill level 5 in Charms
  8976 | D:8      | Reached skill level 13 in Long Blades
  9115 | D:8      | Found a basalt altar of Yredelemnul.
  9769 | D:9      | Noticed Psyche
  9775 | D:9      | Paralysed by Psyche for 5 turns
  9784 | D:9      | Killed Psyche
  9827 | D:9      | Noticed a deep elf conjurer
  9834 | D:9      | Killed from afar by a deep elf conjurer

Inventory:

Hand weapons
 b - a +2 falchion of slicing (weapon)
Armour
 c - a +0 shield (worn)
 l - a +0 plate armour (worn)
 y - a +1 pair of gloves (worn)
 z - a +0 helmet (worn)
Jewellery
 e - an amulet of warding (around neck)
 m - a +3 ring of strength (right hand)
 w - a ring of poison resistance (left hand)
Magical devices
 u - a wand of digging (12)
 v - a wand of teleportation (2)
Scrolls
 i - 4 scrolls of remove curse
 j - a scroll of fear
 n - a scroll of teleportation
 o - a scroll of enchant armour
 s - 2 scrolls of magic mapping
 t - 2 scrolls of immolation
Potions
 a - a potion of heal wounds
 d - 2 potions of brilliance
 f - 3 potions of restore abilities
 g - 3 potions of curing
 k - 2 potions of flight
 p - 24 potions of blood
 q - a potion of berserk rage {unknown}
 r - a potion of haste {unknown}
 A - a potion of ambrosia
 D - 2 potions of cancellation {unknown}
Books
 h - a book of Air

   Spells                             Type                      Level
   a - Shock                          Conjuration/Air              1
   b - Swiftness                      Charms/Air                   2
   c - Repel Missiles                 Charms/Air                   2
   d - Flight                         Charms/Air                   3
   e - Static Discharge               Conjuration/Air              3
   f - Lightning Bolt                 Conjuration/Air              5
 B - a book of Battle

   Spells                             Type                      Level
   a - Infusion                       Charms                       1
   b - Shroud of Golubria             Charms/Translocation         2
   c - Song of Slaying                Charms                       2
   d - Spectral Weapon                Hexes/Charms                 3
   e - Regeneration                   Charms/Necromancy            3

Table legend:
 A = Turns spent in this place as a percentage of turns spent in the entire game.
 B = Non-inter-level travel turns spent in this place as a percentage of non-inter-level travel turns spent in the entire game.
 C = Inter-level travel turns spent in this place as a percentage of turns spent in this place.
 D = Turns resting spent in this place as a percentage of non-inter-level travel turns spent in this place.
 E = Turns spent auto-exploring this place as a percentage of non-inter-level travel turns spent in this place.
 F = Non-inter-level travel turns spent in this place divided by the number of levels of this place that you've seen.
                   A       B       C       D       E      F
               +-------+-------+-------+-------+-------+----------------------
         Total | 100.0 | 100.0 |   0.5 |   2.4 |   6.1 | 392.0
       Dungeon |  94.2 |  94.2 |   0.5 |   2.5 |   6.4 | 451.3
        Temple |   0.5 |   0.4 |  10.0 |   0.0 |   0.0 |  18.0
        Bailey |   5.4 |   5.4 |   0.0 |   1.7 |   0.4 | 232.0
               +-------+-------+-------+-------+-------+----------------------


   Skills:
 - Level 2.6 Fighting
 + Level 13.2 Long Blades
 - Level 3.5 Armour
 - Level 3.9 Shields
 + Level 6.1 Charms


You had 7 spell levels left.
You knew the following spells:

 Your Spells              Type           Power        Failure   Level  Hunger
a - Repel Missiles        Chrm/Air       #.....       100%        2    ###....


Dungeon Overview and Level Annotations

Branches:
Dungeon (9/15)             Temple (1/1) D:5
   Lair: D:8-11         Orc: D:9-12

Altars:
Cheibriados
Dithmenos
Elyvilon
Fedhas
Gozag
Kikubaaqudgha
Makhleb
Nemelex Xobeh
Okawaru
Qazlal
Ru
Sif Muna
Trog
Xom
Yredelemnul
Zin
The Shining One
Lugonu

Shops:
D:7 !


Innate Abilities, Weirdness & Mutations

Your natural rate of healing is unusually fast.
You can bottle blood from corpses.
You have razor-sharp teeth.
You have supernaturally acute eyesight.
You can survive without breathing.


Message History

The black bear bites you. The black bear claws you. The black bear claws you.
The deep elf conjurer points at you and mumbles some strange words.
The bolt of fire hits you!
You are too injured to fight recklessly!
You are too injured to fight recklessly!
You are too injured to fight recklessly!
You are too injured to fight recklessly!
You are too injured to fight recklessly!
You are too injured to fight recklessly!
You are too injured to fight recklessly!
You are too injured to fight recklessly!
You are too injured to fight recklessly!
You are too injured to fight recklessly!
You are too injured to fight recklessly!
You are too injured to fight recklessly!
You are too injured to fight recklessly!
You are too injured to fight recklessly!
You are too injured to fight recklessly!
You are too injured to fight recklessly!
You are too injured to fight recklessly!
You are too injured to fight recklessly!
You are too injured to fight recklessly!
You are too injured to fight recklessly!
You are too injured to fight recklessly!
You are too injured to fight recklessly!
You are too injured to fight recklessly!
You closely miss the deep elf conjurer.
The deep elf conjurer is lightly wounded.
You block the black bear's attack. The black bear claws you.
The black bear claws you but does no damage.
The deep elf conjurer hits you but does no damage.
You closely miss the deep elf conjurer.
The deep elf conjurer is lightly wounded.
You slash the deep elf conjurer!
The deep elf conjurer is heavily wounded.
The black bear bites you but does no damage.
The black bear claws you. The black bear barely misses you.
The deep elf conjurer gestures at you while chanting.
The bolt of lightning hits you!
You die...

#####.####### #.#
#.# #####+###
######[# #.......#
......)# #.......#
#####..# #....8..+
.......#####.......#
.####..............#
############@###
#eh.# #.....#
#.....# #[..$.#
##)()## #####


You could see a deep elf conjurer and a black bear.

Table legend:
 A = Kills in this place as a percentage of kills in entire the game.
 B = Kills by you in this place as a percentage of kills by you in the entire game.
 C = Kills by friends in this place as a percentage of kills by friends in the entire game.
 D = Other kills in this place as a percentage of other kills in the entire game.
 E = Experience gained in this place as a percentage of experience gained in the entire game.
 F = Experience gained in this place divided by the number of levels of this place that you have seen.
                   A       B       C       D       E      F
               +-------+-------+-------+-------+-------+----------------------
         Total | 100.0 | 100.0 |  -nan |  -nan | 100.0 | 670.5
       Dungeon |  90.3 |  90.3 |  -nan |  -nan |  96.7 | 792.7
        Bailey |   9.7 |   9.7 |  -nan |  -nan |   3.3 | 242.0
               +-------+-------+-------+-------+-------+----------------------

Vanquished Creatures
  Psyche (D:9)
  Grinder (D:5)
  Edmund (D:8)
  2 hungry ghosts
  2 orc warriors
  3 ice beasts
  7 ogres
  4 sky beasts
  A phantom (D:5)
  Duvessa (D:6)
  4 giant frogs
  5 centaurs
  Blork the orc (D:6)
  7 killer bees
  3 scorpions
  A crimson imp (D:5)
  A centaur zombie (D:8)
  A giant frog zombie (D:8)
  Dowan (D:6)
  9 orc priests
  A wasp zombie (D:9)
  5 hounds
  A centaur skeleton (D:5)
  3 giant frog skeletons
  5 worker ants
  12 orc wizards
  A killer bee zombie (D:7)
  Ijyb (D:5)
  A worker ant zombie (D:5)
  9 gnolls
  8 adders
  5 giant mites
  2 shadow imps
  2 worms
  An adder zombie (D:7)
  An adder skeleton (D:4)
  2 giant geckos
  41 orcs
  5 ball pythons
  4 bat skeletons
  3 giant cockroaches
  30 goblins
  13 hobgoblins
  4 jackals (D:3)
  4 quokkas
  9 bats
  2 giant newts
  12 kobolds
  15 rats
  A spectral orc (D:8)
259 creatures vanquished.

Action                   |  1- 3 |  4- 6 |  7- 9 | 10-12 || total
-------------------------+-------+-------+-------+-------++-------
Melee: Long sword        |   138 |   308 |   478 |       ||   924
       Falchion          |       |       |   236 |   118 ||   354
       Unarmed           |       |       |       |   137 ||   137
Invok: Heroism           |       |       |     4 |     1 ||     5
  Use: Potion            |     6 |    14 |    30 |     7 ||    57
       Scroll            |       |       |    18 |     1 ||    19

Vault maps used:
D:1:      minmay_arrival_arboretum_small, due_unseen_surprise
D:3:      lemuel_blue_sif_altar, grunt_gozag_breadcrumbs
D:4:      nicolae_overflow_hidden_temple, first_bread
D:5:      overflow_temple_1_default, minmay_temple_entry_large_hall,
          serial_park_tiny_pond, amethyst_killhole, st_stairs_12, uniq_grinder
D:6:      lemuel_crystal_altar, serial_park_tiny_1, uniq_duvessa, uniq_iyjb,
          uniq_blork_the_orc
D:7:      grunt_temple_overflow_diamond, nicolae_overflow_crystal_walls,
          enter_bailey_3, serial_shops, kennysheep_little_box, grunt_ogre_cave
D:8:      yredelemnul_forgotten_temple_becter, kennysheep_mini, uniq_edmund
D:9:      vehumet_crystals, ashenzari_conservatory_becter, erik_orc_3,
          minmay_three_doors, uniq_psyche, uniq_erolcha, uniq_joseph
Temple:   corrupted_temple
Bailey:   bailey_axe_minmay_hex_keep, bailey
